TOP OF THE 1ST |
Vista Panthers batting - Pitching for St. Louis Browns : RHP Nelson Ortega
|
Pitching: RHP Nelson Ortega
|
|
Batting: LHB Francisco Marino
|
0-0: Ball 1-0: Swinging Strike 1-1: Ball 2-1: DOUBLE (Flyball, 78XD)
|
Batting: LHB Jesús González
|
0-0: Ball 1-0: Swinging Strike 1-1: Foul Ball, location: 2F 1-2: Strikes out swinging
|
Batting: LHB Bob Cunningham
|
0-0: Ball Francisco Marino steals 3rd base 1-0: Ground out 3-5 (Groundball, 3S)
|
Batting: SHB Mark Wells
|
0-0: SINGLE (Line Drive, 8LS) Francisco Marino scores
|
Batting: RHB Roberto Cruz
|
0-0: Ball 1-0: Called Strike 1-1: Called Strike 1-2: Ball 2-2: Fly out, F4 (Popup, 4MD)
|
Top of the 1st over - 1 run(s), 2 hit(s), 0 error(s), 1 left on base; Vista 1 - St. Louis 0 |
BOTTOM OF THE 1ST |
St. Louis Browns batting - Pitching for Vista Panthers : RHP Enrique Aguilera
|
Pitching: RHP Enrique Aguilera
|
|
Batting: SHB Ryobe Yamamoto
|
0-0: Foul Ball, location: 2F 0-1: Swinging Strike 0-2: Ball 1-2: Foul Ball, location: 2F 1-2: Foul Ball, location: 2F 1-2: SINGLE (Groundball, 3S)
|
Batting: LHB Mike Hill
|
0-0: Called Strike 0-1: Called Strike 0-2: Foul Ball, location: 2F 0-2: Ball 1-2: Ball 2-2: Ball 3-2: Foul Ball, location: 2F 3-2: Fly out, F7 (Flyball, 7LD) Runner from 1st tags up, SAFE at 2nd
|
Batting: LHB Stan Hickman
|
0-0: Called Strike 0-1: Ball 1-1: Ball 2-1: Foul Ball, location: 2F 2-2: Ball 3-2: Foul Ball, location: 2F 3-2: Base on Balls
|
Batting: LHB Clinton Clark
|
0-0: Called Strike 0-1: Ball 1-1: Fly out, F8 (Flyball, 8LXD) Runner from 2nd tags up, SAFE at 3rd, no throw
|
Batting: LHB Jorge Torres
|
0-0: Foul Ball, location: 2F 0-1: Ball 1-1: Ball 2-1: Swinging Strike 2-2: Ball 3-2: Base on Balls Stan Hickman to second
|
Batting: LHB Junior Coates
|
0-0: Ball 1-0: Ball 2-0: SINGLE (Groundball, 56D) Ryobe Yamamoto scores Stan Hickman to third Jorge Torres to second Runner from 3rd tries for Home, SAFE, no throw or cutoff
|
Batting: LHB Víctor Hernández
|
0-0: Ball 1-0: Ball 2-0: Fly out, F7 (Flyball, 7S)
|
Bottom of the 1st over - 2 run(s), 2 hit(s), 0 error(s), 2 left on base; Vista 1 - St. Louis 2 |
TOP OF THE 2ND |
Vista Panthers batting - Pitching for St. Louis Browns : RHP Nelson Ortega
|
Batting: LHB Harry Pitts
|
0-0: Ball 1-0: Foul Ball, location: 2F 1-1: Swinging Strike 1-2: Foul Ball, location: 2F 1-2: Fly out, F5 (Popup, 56)
|
Batting: RHB Salvador Salas
|
0-0: SINGLE (Flyball, 8RS)
|
Batting: RHB Cisco Gatán
|
0-0: Ball 1-0: SINGLE (Flyball, 8RS) Salvador Salas to second
|
Batting: RHB Eugenio Lucero
|
0-0: Foul Ball, location: 2F 0-1: Foul Ball, location: 2F 0-2: Fielders Choice at 2nd, 5-4 (Groundball, 5) Salvador Salas to third
|
Batting: LHB Francisco Marino
|
0-0: Ground out 4-3 (Groundball, 4)
|
Top of the 2nd over - 0 run(s), 2 hit(s), 0 error(s), 2 left on base; Vista 1 - St. Louis 2 |
BOTTOM OF THE 2ND |
St. Louis Browns batting - Pitching for Vista Panthers : RHP Enrique Aguilera
|
Batting: LHB Tommy Evans
|
0-0: Called Strike 0-1: Ball 1-1: Fly out, F8 (Flyball, 8LM)
|
Batting: RHB Mario Rosales
|
0-0: Called Strike 0-1: Ball 1-1: Ground out 5-3 (Groundball, 5S)
|
Batting: SHB Ryobe Yamamoto
|
0-0: Ball 1-0: Ball 2-0: Fly out, F7 (Flyball, 78M)
|
Bottom of the 2nd over - 0 run(s), 0 hit(s), 0 error(s), 0 left on base; Vista 1 - St. Louis 2 |
TOP OF THE 3RD |
Vista Panthers batting - Pitching for St. Louis Browns : RHP Nelson Ortega
|
Batting: LHB Jesús González
|
0-0: Ball 1-0: Foul Ball, location: 2F 1-1: SINGLE (Groundball, 34D)
|
Batting: LHB Bob Cunningham
|
0-0: Ball 1-0: Ball 2-0: Grounds into double play, 6-4-3 (Groundball, 6)
|
Batting: SHB Mark Wells
|
0-0: Ball 1-0: Ball 2-0: Ground out 6-3 (Groundball, 6)
|
Top of the 3rd over - 0 run(s), 1 hit(s), 0 error(s), 0 left on base; Vista 1 - St. Louis 2 |
BOTTOM OF THE 3RD |
St. Louis Browns batting - Pitching for Vista Panthers : RHP Enrique Aguilera
|
Batting: LHB Mike Hill
|
0-0: Ball 1-0: Ball 2-0: DOUBLE (Flyball, 7LM)
|
Batting: LHB Stan Hickman
|
0-0: Ball 1-0: SINGLE (Groundball, 34D) Mike Hill to third Runner from 3rd tries for Home, SAFE, no throw or cutoff
|
Batting: LHB Clinton Clark
|
0-0: Ball 1-0: Foul Ball, location: 2F 1-1: Ball 2-1: Called Strike 2-2: Foul Ball, location: 2F 2-2: Foul Ball, location: 2F 2-2: Ball 3-2: Grounds into double play, 4-6-3 (Groundball, 4)
|
Batting: LHB Jorge Torres
|
0-0: SOLO HOME RUN (Line Drive, 89XD), Distance : 390 ft
|
Batting: LHB Junior Coates
|
0-0: Ground out 3-1 (Groundball, 34)
|
Bottom of the 3rd over - 2 run(s), 3 hit(s), 0 error(s), 0 left on base; Vista 1 - St. Louis 4 |
TOP OF THE 4TH |
Vista Panthers batting - Pitching for St. Louis Browns : RHP Nelson Ortega
|
Batting: RHB Roberto Cruz
|
0-0: Ball 1-0: Called Strike 1-1: Foul Ball, location: 2F 1-2: Ball 2-2: Ground out 5-3 (Groundball, 56S)
|
Batting: LHB Harry Pitts
|
0-0: Ball 1-0: SOLO HOME RUN (Flyball, 89XD), Distance : 380 ft
|
Batting: RHB Salvador Salas
|
0-0: Ball 1-0: Ground out 1-3 (Groundball, 13)
|
Batting: RHB Cisco Gatán
|
0-0: Called Strike 0-1: Foul Ball, location: 2F 0-2: Ball 1-2: Ball 2-2: SINGLE (Groundball, 56)
|
Batting: RHB Eugenio Lucero
|
0-0: Ball Cisco Gatán steals 2nd base 1-0: Foul Ball, location: 2F 1-1: Ball 2-1: Ball 3-1: Fly out, F7 (Line Drive, 78M)
|
Top of the 4th over - 1 run(s), 2 hit(s), 0 error(s), 1 left on base; Vista 2 - St. Louis 4 |
BOTTOM OF THE 4TH |
St. Louis Browns batting - Pitching for Vista Panthers : RHP Enrique Aguilera
|
Batting: LHB Víctor Hernández
|
0-0: Called Strike 0-1: Ball 1-1: Foul Ball, location: 2F 1-2: Strikes out looking
|
Batting: LHB Tommy Evans
|
0-0: Ball 1-0: Foul Ball, location: 2F 1-1: Ball 2-1: Foul Ball, location: 2F 2-2: Ball 3-2: Ground out 4-3 (Groundball, 4)
|
Batting: RHB Mario Rosales
|
0-0: Ball 1-0: Ball 2-0: Called Strike 2-1: Fly out, F8 (Flyball, 8LM)
|
Bottom of the 4th over - 0 run(s), 0 hit(s), 0 error(s), 0 left on base; Vista 2 - St. Louis 4 |
TOP OF THE 5TH |
Vista Panthers batting - Pitching for St. Louis Browns : RHP Nelson Ortega
|
Batting: LHB Francisco Marino
|
0-0: Ball 1-0: Ball 2-0: Ball 3-0: Called Strike 3-1: Swinging Strike 3-2: SINGLE (Line Drive, 8RS)
|
Batting: LHB Jesús González
|
0-0: Ball Francisco Marino steals 2nd base 1-0: Foul Ball, location: 2F 1-1: Ball 2-1: DOUBLE (Line Drive, 3D) Francisco Marino scores
|
Batting: LHB Bob Cunningham
|
0-0: Ball 1-0: Foul Ball, location: 2F 1-1: Ground out 4-3 (Groundball, 4) Jesús González to third
|
Batting: SHB Mark Wells
|
0-0: Called Strike 0-1: Ball 1-1: Swinging Strike 1-2: Strikes out swinging
|
Batting: RHB Roberto Cruz
|
0-0: Ball 1-0: Called Strike 1-1: Called Strike 1-2: Ball 2-2: Ball 3-2: Base on Balls
|
Batting: LHB Harry Pitts
|
0-0: TRIPLE (Line Drive, 9LS) Jesús González scores Roberto Cruz scores
|
Batting: RHB Salvador Salas
|
0-0: SINGLE (Flyball, 9LS) Harry Pitts scores
|
Pitching: RHP Beau Brown
|
|
Batting: RHB Cisco Gatán
|
0-0: Called Strike 0-1: Ball 1-1: Ball 2-1: Swinging Strike 2-2: Strikes out swinging
|
Top of the 5th over - 4 run(s), 4 hit(s), 0 error(s), 1 left on base; Vista 6 - St. Louis 4 |
BOTTOM OF THE 5TH |
St. Louis Browns batting - Pitching for Vista Panthers : RHP Enrique Aguilera
|
Batting: SHB Ryobe Yamamoto
|
0-0: Foul Ball, location: 2F 0-1: Ball 1-1: Ball 2-1: Ball 3-1: SINGLE (Groundball, 56D)
|
Batting: LHB Mike Hill
|
0-0: Called Strike 0-1: Swinging Strike 0-2: Fielders Choice at 2nd, 4-6 (Groundball, 4)
|
Batting: LHB Stan Hickman
|
0-0: Ball 1-0: Foul Ball, location: 2F 1-1: Ball 2-1: Ball 3-1: Base on Balls Mike Hill to second
|
Batting: LHB Clinton Clark
|
0-0: Ball 1-0: Ball 2-0: Swinging Strike 2-1: Foul Ball, location: 2F 2-2: Foul Ball, location: 2F 2-2: Foul Ball, location: 2F 2-2: Strikes out swinging
|
Batting: LHB Jorge Torres
|
0-0: Fly out, F5 (Popup, 5)
|
Bottom of the 5th over - 0 run(s), 1 hit(s), 0 error(s), 2 left on base; Vista 6 - St. Louis 4 |
TOP OF THE 6TH |
Vista Panthers batting - Pitching for St. Louis Browns : RHP Beau Brown
|
Batting: RHB Eugenio Lucero
|
0-0: Called Strike 0-1: Swinging Strike 0-2: Ground out 5-3 (Groundball, 5)
|
Batting: LHB Francisco Marino
|
0-0: Ground out 4-3 (Groundball, 4)
|
Batting: LHB Jesús González
|
0-0: Called Strike 0-1: Ball 1-1: Foul Ball, location: 2F 1-2: Foul Ball, location: 2F 1-2: Ball 2-2: Strikes out swinging
|
Top of the 6th over - 0 run(s), 0 hit(s), 0 error(s), 0 left on base; Vista 6 - St. Louis 4 |
BOTTOM OF THE 6TH |
St. Louis Browns batting - Pitching for Vista Panthers : RHP Enrique Aguilera
|
Pitching: LHP John Whitaker
|
|
Batting: LHB Junior Coates
|
0-0: Ball 1-0: Called Strike 1-1: Foul Ball, location: 2F 1-2: Strikes out swinging
|
Batting: LHB Víctor Hernández
|
0-0: Swinging Strike 0-1: Ball 1-1: Ball 2-1: Ground out 1-3 (Groundball, 13S)
|
Batting: LHB Tommy Evans
|
0-0: Called Strike 0-1: Foul Ball, location: 2F 0-2: Foul Ball, location: 2F 0-2: Foul Ball, location: 2F 0-2: Ball 1-2: Ball 2-2: Strikes out looking
|
Bottom of the 6th over - 0 run(s), 0 hit(s), 0 error(s), 0 left on base; Vista 6 - St. Louis 4 |
TOP OF THE 7TH |
Vista Panthers batting - Pitching for St. Louis Browns : RHP Beau Brown
|
Batting: LHB Bob Cunningham
|
0-0: Called Strike 0-1: Ball 1-1: Swinging Strike 1-2: Foul Ball, location: 2F 1-2: Strikes out swinging
|
Batting: SHB Mark Wells
|
Single, Error in OF, E8, batter to second base
|
Batting: RHB Roberto Cruz
|
0-0: Swinging Strike 0-1: SINGLE (Groundball, 4MD) Mark Wells to third Runner from 3rd tries for Home, SAFE, no throw or cutoff
|
Batting: LHB Harry Pitts
|
0-0: Called Strike 0-1: Called Strike 0-2: Foul Ball, location: 2F 0-2: Ball 1-2: Foul Ball, location: 2F 1-2: Foul Ball, location: 2F 1-2: Strikes out swinging
|
Batting: RHB Salvador Salas
|
0-0: Called Strike 0-1: Called Strike 0-2: Ball 1-2: Foul Ball, location: 2F 1-2: Ball 2-2: Foul Ball, location: 2F 2-2: Strikes out looking
|
Top of the 7th over - 1 run(s), 2 hit(s), 1 error(s), 1 left on base; Vista 7 - St. Louis 4 |
BOTTOM OF THE 7TH |
St. Louis Browns batting - Pitching for Vista Panthers : LHP John Whitaker
|
Now at 1B: Iván De Jesús
|
|
Batting: RHB Mario Rosales
|
0-0: Swinging Strike 0-1: Ground out 4-3 (Groundball, 4M)
|
Batting: SHB Ryobe Yamamoto
|
0-0: Ball 1-0: Ball 2-0: Swinging Strike 2-1: Ball 3-1: Called Strike 3-2: SINGLE (Groundball, 34D)
|
Batting: LHB Mike Hill
|
0-0: Called Strike 0-1: Ball 1-1: Fly out, F7 (Flyball, 7LM)
|
Batting: LHB Stan Hickman
|
0-0: Ball 1-0: Ball 2-0: Ball 3-0: Foul Ball, location: 2F 3-1: Called Strike 3-2: 2-RUN HOME RUN (Flyball, 9D), Distance : 371 ft
|
Batting: LHB Clinton Clark
|
0-0: Called Strike 0-1: Foul Ball, location: 2F 0-2: Ball 1-2: Ground out 1-3 (Groundball, 13S)
|
Bottom of the 7th over - 2 run(s), 2 hit(s), 0 error(s), 0 left on base; Vista 7 - St. Louis 6 |
TOP OF THE 8TH |
Vista Panthers batting - Pitching for St. Louis Browns : RHP Beau Brown
|
Pitching: LHP Santiago Valentín
|
|
Batting: RHB Cisco Gatán
|
0-0: Called Strike 0-1: Ball 1-1: Ball 2-1: Fly out, F4 (Popup, 8RS)
|
Batting: RHB Eugenio Lucero
|
0-0: Foul Ball, location: 2F 0-1: Ball 1-1: Ball 2-1: Ball 3-1: Fly out, F6 (Popup, 6MD)
|
Batting: LHB Francisco Marino
|
0-0: Swinging Strike 0-1: Called Strike 0-2: Ball 1-2: Ground out 6-3 (Groundball, 6)
|
Top of the 8th over - 0 run(s), 0 hit(s), 0 error(s), 0 left on base; Vista 7 - St. Louis 6 |
BOTTOM OF THE 8TH |
St. Louis Browns batting - Pitching for Vista Panthers : LHP John Whitaker
|
Batting: LHB Jorge Torres
|
0-0: Foul Ball, location: 2F 0-1: Ball 1-1: Ball 2-1: Ground out 3-1 (Groundball, 34)
|
Batting: LHB Junior Coates
|
0-0: Ball 1-0: Swinging Strike 1-1: Ball 2-1: Called Strike 2-2: Ball 3-2: Ground out 5-3 (Groundball, 6S)
|
Pitching: RHP Mitsunari Taguchi
|
|
Batting: LHB Víctor Hernández
|
0-0: Ball 1-0: Ground out 6-3 (Groundball, 6)
|
Bottom of the 8th over - 0 run(s), 0 hit(s), 0 error(s), 0 left on base; Vista 7 - St. Louis 6 |
TOP OF THE 9TH |
Vista Panthers batting - Pitching for St. Louis Browns : LHP Santiago Valentín
|
Pitching: LHP Brent Miller
|
|
Batting: LHB Jesús González
|
0-0: Ball 1-0: Ball 2-0: Fly out, F7 (Flyball, 7M)
|
Pitching: RHP John Allan
|
|
Batting: LHB Bob Cunningham
|
0-0: Called Strike 0-1: Ball 1-1: Called Strike 1-2: Ball 2-2: Ball 3-2: Base on Balls
|
Batting: SHB Mark Wells
|
0-0: Fly out, F7 (Flyball, 78M)
|
Pinch Hitting: RHB Phil Matthews
|
0-0: Ball Bob Cunningham steals 2nd base 1-0: Foul Ball, location: 2F 1-1: Foul Ball, location: 2F 1-2: Ground out 4-3 (Groundball, 4M)
|
Top of the 9th over - 0 run(s), 0 hit(s), 0 error(s), 1 left on base; Vista 7 - St. Louis 6 |
BOTTOM OF THE 9TH |
St. Louis Browns batting - Pitching for Vista Panthers : RHP Mitsunari Taguchi
|
Pitching: RHP António López
|
|
Now at 1B: Phil Matthews
|
|
Pinch Hitting: RHB Yoshihide Takahashi
|
0-0: Called Strike
|
|
|
|
0-1: Swinging Strike 0-2: Strikes out swinging
|
Batting: RHB Mario Rosales
|
0-0: Ball 1-0: Called Strike 1-1: Fly out, F3 (Popup, 3SF)
|
Batting: SHB Ryobe Yamamoto
|
0-0: Called Strike 0-1: Called Strike 0-2: Foul Ball, location: 2F 0-2: Ground out 6-3 (Groundball, 6)
|
Bottom of the 9th over - 0 run(s), 0 hit(s), 0 error(s), 0 left on base; Vista 7 - St. Louis 6 |
|
Monday, December 5th, 2016 - OOTP Baseball 17.12 Build 75
|
|